 Dungeon Crawl Stone Soup version 0.25-a0-665-ga69d64035b (webtiles) character file.

Game seed: 9087210495819425551, levelgen mode: deterministic

5043 MisterFreud the Nimble (level 10, -6/53 HPs)
             Began as a Felid Berserker on Mar 26, 2020.
             Was an Elder of Trog.
             Mangled by a polar bear (10 damage)
             ... on level 3 of the Lair of Beasts.
             The game lasted 00:20:59 (13508 turns).

MisterFreud the Nimble (Felid Berserker)           Turns: 13508, Time: 00:21:00

Health: -6/53      AC:  3    Str: 13    XL:     10   Next: 30%
Magic:  17/17      EV: 32    Int:  8    God:    Trog [****..]
Gold:   691        SH:  2    Dex: 21    Spells: 9/9 levels left
                                        Lives:  0   Deaths: 3

rFire    . . .     SeeInvis +     - Unarmed
rCold    + . .     Gourm    .   (shield unavailable)
rNeg     . . .     Faith    .   (armour unavailable)
rPois    .         Spirit   .   (helmet unavailable)
rElec    .         Reflect  +   (cloak unavailable)
rCorr    .         Harm     .   (gloves unavailable)
MR       +....                  (boots unavailable)
Stlth    ++++++....             z - +2 amulet of reflection
HPRegen  0.17/turn              l - ring of stealth
MPRegen  0.15/turn              (no ring)

@: quick
A: very small, no armour, no weapons or thrown items, stealth, claws 1, fangs 3,
see invisible, carnivore, speed 1, shaggy fur 3, slow metabolism 1, sharp paws
a: Berserk, Trog's Hand, Brothers in Arms, Renounce Religion


You were on level 3 of the Lair of Beasts.
You worshipped Trog.
Trog was greatly pleased with you.
You were very full.

You visited 2 branches of the dungeon, and saw 12 of its levels.

You collected 691 gold pieces.

Inventory:

Jewellery
 l - a ring of stealth (left paw)
 r - an uncursed ring of fire
 w - an uncursed ring of fire
 z - a +2 amulet of reflection (around neck)
Wands
 h - a wand of iceblast (8)
 m - a wand of acid (6)
 q - a wand of flame (13)
 s - a wand of digging (2)
Scrolls
 j - 3 scrolls of magic mapping
 n - 5 scrolls of remove curse
 o - a scroll of fear
 t - 3 scrolls of teleportation
 x - a scroll of identify
 y - a scroll of torment {unknown}
 A - a scroll of fog
Potions
 b - 4 potions of brilliance
 c - a potion of berserk rage
 d - 2 potions of flight
 e - a potion of cancellation
 f - a potion of haste
 g - 5 potions of curing
 i - 3 potions of lignification
 k - 2 potions of stabbing
 p - 2 potions of heal wounds
 u - 2 potions of resistance
 v - a potion of might
Comestibles
 a - 28 rations


   Skills:
 + Level 11.9 Fighting
 + Level 14.4 Dodging
 - Level 10.0 Stealth
 - Level 10.0 Unarmed Combat
 - Level 8.2 Evocations


You had 9 spell levels left.
You didn't know any spells.
Your spell library was empty.

Dungeon Overview and Level Annotations

Branches:
Dungeon (9/15)             Temple (0/1) D:4            Lair (3/6) D:9
 Shoals (0/4) Lair:3       Spider (0/4) Lair:2
    Orc: D:9-12

Altars:
Cheibriados
Dithmenos
Fedhas
Kikubaaqudgha
Nemelex Xobeh
Ru
Sif Muna
Trog
Vehumet
Wu Jian
Zin
The Shining One

Annotations:
D:5 3 runed translucent doors, kae's ghost, amateur TeAE
D:8 3 runed translucent doors
Lair:3 2 runed translucent doors, Tuteax's ghost, journeyman FoFi


Innate Abilities, Weirdness & Mutations

You cannot wear armour.
You are incapable of wielding weapons or throwing items.
Your paws allow you to move quietly. (Stealth)
You have sharp claws.
You have razor-sharp teeth.
You have supernaturally acute eyesight. (SInv)
You are carnivorous and can eat meat at any time.
You cover ground quickly.
Your thick and shaggy fur keeps you warm. (AC +3, rC+)
You have a slow metabolism.
Your sharp claws are effective at attacking unaware monsters.


Message History

The polar bear completely misses you. The polar bear misses you.
The polar bear claws you.
* * * LOW HITPOINT WARNING * * *
The polar bear misses you.
The polar bear completely misses you. x2; The polar bear claws you.
* * * LOW HITPOINT WARNING * * *
The polar bear completely misses you. The polar bear claws you.
* * * LOW HITPOINT WARNING * * *
You block the polar bear's attack. The polar bear completely misses you.
The polar bear barely misses you. The polar bear misses you.
The polar bear completely misses you. The polar bear misses you.
The polar bear claws you.
* * * LOW HITPOINT WARNING * * *
The polar bear completely misses you. The polar bear barely misses you.
The polar bear completely misses you. The polar bear misses you.
The polar bear completely misses you. The polar bear misses you.
The polar bear bites you!
You die...

##.......... ..............
#......)...... #.............
#............. #......>.....
#.PP........
#P.h..............
###..@..............#
##...................P
###.....................
###.....................P.
##.........)....#..........
##P..............P.........##
#P.........................P#
#####..........####.........
###.........##)........#


You could see a polar bear.

Vanquished Creatures
  2 hydras
  Harold (D:8)
  A catoblepas (Lair:2)
  Sonja (Lair:3)
  Pikel (D:4)
  2 merfolk sirens (Lair:3)
  A centaur zombie (D:6)
  A rime drake (Lair:3)
  5 spiny frogs
  2 komodo dragons
  A merfolk (Lair:3)
  A jumping spider (Lair:2)
  A polar bear (Lair:2)
  Grinder (D:4)
  3 hippogriffs
  5 blink frogs (Lair:3)
  38 yaks
  A redback (Lair:2)
  4 basilisks
  A hungry ghost (D:7)
  A steam dragon (D:7)
  6 water moccasins
  4 porcupines
  2 sky beasts
  4 orc warriors
  3 ice beasts
  3 phantoms
  4 ogres
  5 centaurs
  6 crocodiles
  5 bullfrogs
  2 scorpions
  9 killer bees (D:9)
  15 wights
  A howler monkey (D:6)
  2 crimson imps
  2 quasits
  A bullfrog zombie (D:7)
  5 orc priests
  3 jellies (D:9)
  4 bullfrog skeletons
  4 hounds
  7 orc wizards
  Crazy Yiuf (D:7)
  A centaur skeleton (D:8)
  4 iguanas
  Ijyb (D:3)
  9 worker ants
  A hound zombie (D:7)
  A hound skeleton (D:6)
  2 worker ant zombies
  12 adders
  4 gnolls (D:7)
  5 shadow imps
  8 oozes
  An adder skeleton (D:6)
  2 worms
  A leopard gecko (D:5)
  28 orcs
  2 bats
  2 bat zombies (D:9)
  4 giant cockroaches
  9 goblins
  6 hobgoblins
  11 jackals
  2 quokkas
  2 ball pythons
  4 frilled lizards
  7 kobolds
  A leopard gecko skeleton (D:4)
  4 rats
  A plant (D:9)
307 creatures vanquished.

Vanquished Creatures (others)
  A bat (D:3)
  2 fungi (Lair:3)
3 creatures vanquished.

Grand Total: 310 creatures vanquished

Notes
Turn   | Place    | Note
-------+----------+-------------------------------------------
     0 | D:1      | MisterFreud the Felid Berserker began the quest for the
                  | Orb.
     0 | D:1      | Reached XP level 1. HP: 10/10 MP: 2/2
   170 | D:1      | Reached XP level 2. HP: 9/14 MP: 3/3
  1213 | D:2      | Reached XP level 3. HP: 11/18 MP: 4/4
  1887 | D:2      | Reached XP level 4. HP: 18/22 MP: 5/5
  2058 | D:2      | Reached skill level 5 in Fighting
  2213 | D:3      | Reached ** piety under Trog
  2221 | D:3      | Noticed a hippogriff
  2221 | D:3      | Noticed Ijyb
  2247 | D:2      | Killed a hippogriff
  2247 | D:2      | Reached skill level 5 in Dodging
  2247 | D:2      | Reached XP level 5. HP: 14/26 MP: 6/6
  2441 | D:2      | Gained mutation: You are covered in thick fur. (AC +2)
                  | [Felid growth]
  2441 | D:2      | Reached XP level 6. HP: 30/30 MP: 7/7
  2586 | D:3      | Killed Ijyb
  2589 | D:3      | Found a radiant altar of Vehumet.
  2974 | D:3      | Found a sacrificial altar of Ru.
  2974 | D:3      | Found an ornate altar of the Wu Jian Council.
  3181 | D:3      | Found a shimmering blue altar of Sif Muna.
  3319 | D:4      | Found a snail-covered altar of Cheibriados.
  3490 | D:4      | Found a staircase to the Ecumenical Temple.
  3505 | D:4      | Reached skill level 1 in Evocations
  3840 | D:4      | Noticed a slave
  3842 | D:4      | Noticed a slave
  3846 | D:4      | Noticed Pikel
  3847 | D:4      | Noticed a slave
  3848 | D:4      | Noticed Grinder
  3861 | D:4      | Noticed a slave
  3893 | D:4      | Killed Pikel
  3893 | D:4      | Reached skill level 6 in Dodging
  3893 | D:4      | Reached skill level 5 in Stealth
  3893 | D:4      | Reached skill level 5 in Unarmed Combat
  3893 | D:4      | Reached XP level 7. HP: 33/33 MP: 8/10
  3899 | D:4      | Reached skill level 7 in Dodging
  3899 | D:4      | Reached XP level 8. HP: 37/37 MP: 8/11
  3968 | D:4      | Killed Grinder
  4067 | D:4      | Reached skill level 8 in Dodging
  4361 | D:5      | Entered Level 5 of the Dungeon
  4373 | D:5      | Noticed kae's ghost (amateur TeAE)
  4382 | D:5      | Found a runed translucent gate.
  4382 | D:5      | Found a runed translucent gate.
  4384 | D:5      | Found a runed translucent gate.
  4407 | D:5      | Found a bloodstained altar of Trog.
  4410 | D:5      | Found a glowing silver altar of Zin.
  4466 | D:5      | Reached skill level 5 in Evocations
  4627 | D:5      | Found a shadowy altar of Dithmenos.
  4860 | D:6      | Reached *** piety under Trog
  5038 | D:6      | Reached skill level 9 in Dodging
  5038 | D:6      | Reached XP level 9. HP: 30/41 MP: 13/13
  5742 | D:7      | Reached skill level 10 in Dodging
  5838 | D:7      | Reached **** piety under Trog
  6536 | D:7      | Found a sparkling altar of Nemelex Xobeh.
  6568 | D:7      | Found a runed translucent door.
  6569 | D:7      | Noticed Crazy Yiuf
  6636 | D:7      | Killed Crazy Yiuf
  6636 | D:7      | Reached XP level 10. HP: 47/47 MP: 5/14
  6808 | D:8      | Noticed Harold
  6815 | D:8      | Killed Harold
  6815 | D:8      | Reached skill level 11 in Dodging
  6992 | D:8      | Found a glowing golden altar of the Shining One.
  7080 | D:8      | Found a blossoming altar of Fedhas.
  7169 | D:8      | Found a runed translucent gate.
  7170 | D:8      | Found a runed translucent gate.
  7170 | D:8      | Found a runed translucent gate.
  7170 | D:8      | Noticed a purple ugly thing
  7171 | D:8      | Noticed a red ugly thing
  7172 | D:8      | Noticed a brown ugly thing
  7172 | D:8      | Noticed a cyan very ugly thing
  7172 | D:8      | Noticed a purple ugly thing
  7173 | D:8      | Noticed a cyan ugly thing
  7286 | D:8      | Reached skill level 12 in Dodging
  8608 | D:9      | Slain by a yak
  8609 | D:9      | Reached XP level 9. HP: -2/45 MP: 14/14
  8675 | D:9      | Found a staircase to the Lair.
  8676 | D:9      | Noticed a komodo dragon
  8695 | D:9      | Reached XP level 10. HP: 49/49 MP: 15/15
  8735 | D:9      | Found an ancient bone altar of Kikubaaqudgha.
  9189 | Lair:1   | Entered Level 1 of the Lair of Beasts
  9301 | Lair:1   | Reached skill level 10 in Stealth
  9826 | Lair:1   | Noticed a spiny frog
  9840 | Lair:1   | Killed a spiny frog
 10184 | Lair:1   | Reached XP level 11. HP: 49/53 MP: 17/17
 10409 | Lair:1   | Reached ***** piety under Trog
 10854 | Lair:2   | Noticed a seven-headed hydra
 10860 | Lair:2   | Killed a seven-headed hydra
 10941 | Lair:2   | Reached skill level 10 in Fighting
 10941 | Lair:2   | Reached skill level 10 in Unarmed Combat
 11328 | Lair:2   | Found a hole to the Spider Nest.
 11521 | Lair:2   | Noticed a catoblepas
 11537 | Lair:2   | Killed a catoblepas
 11994 | Lair:2   | Reached skill level 13 in Dodging
 12448 | Lair:3   | Noticed an eight-headed hydra
 12454 | Lair:3   | Killed an eight-headed hydra
 12498 | Lair:3   | Found a staircase to the Shoals.
 12817 | Lair:3   | Noticed Sonja
 12821 | Lair:3   | Killed Sonja
 12840 | Lair:3   | Found a large runed translucent door.
 12841 | Lair:3   | Found a large runed translucent door.
 12850 | Lair:3   | Noticed Tuteax's ghost (journeyman FoFi)
 12910 | Lair:3   | Gained mutation: Your thick and shaggy fur keeps you warm.
                  | (AC +3, rC+) [Felid growth]
 12910 | Lair:3   | Reached XP level 12. HP: 26/60 MP: 19/19
 13121 | Lair:3   | Reached skill level 14 in Dodging
 13361 | Lair:3   | Slain by a polar bear
 13362 | Lair:3   | Reached XP level 11. HP: 0/85 MP: 18/18
 13422 | Lair:3   | Slain by a merfolk
 13423 | Lair:3   | Reached XP level 10. HP: -5/53 MP: 17/17
 13508 | Lair:3   | Mangled by a polar bear

Levels and vault maps discovered:
D:1:      giann_bridges, layout_loops_corners, minmay_misc_feat_roman
D:2:      layout_basic, first_ration
D:3:      layout_basic, marbit_many_paths, vehumet_crystals,
          chequers_temple_overflow_statue_of_worship, uniq_ijyb
D:4:      layout_basic, cheibriados_altar_1,
          minmay_temple_entry_statues_pillars, corner_web_ring, uniq_pikel,
          uniq_grinder
D:5:      layout_rooms, grunt_dithmenos_smoke, grunt_temple_overflow_open,
          gammafunk_ghost_split, grunt_decor_fettered, dk_vineyard_3
D:6:      minmay_inner_zag, layout_basic, minmay_between
D:7:      layout_basic, kennysheep_mini_moat, uniq_crazy_yiuf_cottage
D:8:      layout_basic, fedhas_ov_isle_minmay, lemuel_doored_altar,
          ploomutoo_gammafunk_ghost_potion_laboratory, uniq_harold
D:9:      layout_roguey, lemuel_zombie_altar_kikubaaqudgha, david_lair_shrubbed,
          hangedman_little_slice_of_home, minivault_27
Lair:1:   layout_layer_cave
Lair:2:   layout_roguey, spider_nest_entry_a, grunt_megastairs_3
Lair:3:   layout_cave_pods, elwin_shoals_entry_stream,
          ebering_ghost_disaster_area, uniq_sonja

Skill      XL: |  1  2  3  4  5  6  7  8  9 10 11 12 |
---------------+-------------------------------------+-----
Fighting       | 4 5 6 7 9 11 | 11.9
Dodging        | 5 6 7 9 10 12 13 14 | 14.4
Stealth        | 3 5 7 8 10 | 10.0
Unarmed Combat | 5 6 7 9 10 | 10.0
Evocations     | 3 5 7 8 |  8.2

Action                   |  1- 3 |  4- 6 |  7- 9 | 10-12 || total
-------------------------+-------+-------+-------+-------++-------
Melee: Unarmed           |    71 |   100 |   306 |   632 ||  1109
       Bite              |    10 |    12 |    39 |    86 ||   147
       Punch             |       |     6 |     3 |    37 ||    46
Invok: Berserk           |     2 |     6 |     6 |    22 ||    36
       Trog's Hand       |       |     1 |     2 |    17 ||    20
Evoke: Wand              |       |       |       |     2 ||     2
  Use: Scroll            |       |       |    18 |     2 ||    20
 Stab: Sleeping          |       |     5 |    22 |    34 ||    61
       Distracted        |       |     2 |     1 |     4 ||     7
  Eat: Chunk             |     9 |    10 |    17 |    37 ||    73
Armor: Skin              |     3 |     2 |     7 |    11 ||    23
Dodge: Dodged            |    52 |    93 |   205 |   671 ||  1021
Block: Other             |       |       |       |    18 ||    18

Table legend:
 A = Non-vault XP
 B = Vault XP
 C = Vault XP percentage of total XP
 D = Non-vault monster count
 E = Vault monster count
 F = Vault count percentage of total count
                 A         B        C        D         E       F
            +---------+---------+-------+---------+---------+-------
      Total |   25776 |    5594 |  17.8 |     275 |      31 |  10.1
            +---------+---------+-------+---------+---------+-------
        D:1 |      23 |       0 |   0.0 |      15 |       0 |   0.0
        D:2 |     354 |       0 |   0.0 |      19 |       0 |   0.0
        D:3 |      62 |      50 |  44.6 |      20 |       2 |   9.1
        D:4 |     471 |     884 |  65.2 |       9 |       2 |  18.2
        D:5 |     192 |       0 |   0.0 |      11 |       0 |   0.0
        D:6 |    1553 |     421 |  21.3 |      21 |       7 |  25.0
        D:7 |    1798 |      39 |   2.1 |      45 |       1 |   2.2
        D:8 |    1354 |     992 |  42.3 |      19 |       1 |   5.0
        D:9 |    3657 |     521 |  12.5 |      50 |      11 |  18.0
     Lair:1 |    5149 |       0 |   0.0 |      28 |       0 |   0.0
     Lair:2 |    5239 |     651 |  11.1 |      16 |       3 |  15.8
     Lair:3 |    5924 |    2036 |  25.6 |      22 |       4 |  15.4
            +---------+---------+-------+---------+---------+-------
